 Dungeon Crawl Stone Soup version 0.29.1-15-g9cfb28693d (webtiles) character file.

Game seed: 16605584655459765831

501 manyhoops the Ruffian (level 6, -1/50 HPs)
             Began as a Demigod Transmuter on Apr 4, 2023.
             Slain by an orc
             ... wielding a +0 hand axe
              (3 damage)
             ... on level 4 of the Dungeon.
             The game lasted 00:06:40 (4606 turns).

manyhoops the Ruffian (Demigod Transmuter)          Turns: 4606, Time: 00:06:40

Health: -1/50      AC:  2    Str: 19    XL:     6   Next: 63%
Magic:  21/22      EV: 12    Int: 15    God:
Gold:   89         SH:  5    Dex: 14    Spells: 3/10 levels left

rFire   . . .      SeeInvis .     - Unarmed
rCold   . . .      Faith    .   (no shield)
rNeg    . . .      Spirit   .   a - +0 robe
rPois   .          Reflect  +   (helmet currently unavailable)
rElec   .          Harm     .   o - scarf {repulsion}
rCorr   .          Rampage  .   (no gloves)
Will    .....                   (boots currently unavailable)
Stlth   +.........              m - amulet of reflection
HPRegen 0.16/turn               t - ring of magical power
MPRegen 0.18/turn               (no ring)

@: appendages, repel missiles
A: horns 2, talons 2, high MP 1, forlorn, divine attributes
a: End Transformation


You were on level 4 of the Dungeon.
You had temporarily grown beastly horns and talons.
You visited 1 branch of the dungeon, and saw 4 of its levels.

You collected 205 gold pieces.
You spent 116 gold pieces at shops.

Inventory:

Armour
 a - a +0 robe (worn)
 k - a +0 pair of boots (melded)
 o - a scarf of repulsion (worn)
 u - a +0 cloak
Jewellery
 m - an amulet of reflection (around neck)
 t - a ring of magical power (left hand)
Wands
 n - a wand of mindburst (9)
 v - a wand of iceblast (8)
Scrolls
 c - a scroll of amnesia
 d - a scroll of enchant weapon
 e - 3 scrolls of noise
 f - a scroll of butterflies
 j - a scroll of magic mapping
 l - a scroll of poison
 q - a scroll of teleportation
 r - a scroll of torment
 s - a scroll of immolation
Potions
 b - 3 potions of lignification
 g - 2 potions of mutation
 h - a potion of cancellation
 p - a potion of magic {unknown}
 x - a potion of might


   Skills:
 - Level 2.5 Fighting
 - Level 1.7 Dodging
 - Level 5.4 Unarmed Combat
 + Level 2.7 Spellcasting
 + Level 2.8 Transmutations
 * Level 1.8 Ice Magic


You had 3 spell levels left.
You knew the following spells:

 Your Spells              Type           Power      Damage    Failure   Level
a - Beastly Appendage     Tmut           20%        N/A       6%          1
b - Wereblood             Tmut           10%        N/A       10%         2
c - Ice Form              Ice/Tmut       9%         N/A       61%         4

Your spell library contained the following spells:

 Spells                   Type           Power      Damage    Failure   Level
 Freeze                   Ice            28%        1d5       10%         1
 Apportation              Tloc           4%         N/A       21%         1
 Frozen Ramparts          Ice            14%        1d3       28%         3
 Ozocubu's Armour         Ice            7%         N/A       28%         3
 Blink                    Tloc           4%         N/A       30%         2
 Spider Form              Tmut/Pois      6%         N/A       34%         3
 Gell's Gravitas          Tloc           2%         N/A       52%         3
 Lesser Beckoning         Tloc           2%         N/A       52%         3
 Teleport Other           Tloc           2%         N/A       52%         3
 Hailstorm                Conj/Ice       4%         3d4       80%         4
 Alistair's Intoxication  Tmut/Pois      4%         N/A       97%         5
 Metabolic Englaciation   Hex/Ice        2%         N/A       98%         5
 Manifold Assault         Tloc           2%         N/A       99%         5
 Dispersal                Tloc           1%         N/A       100%        6
 Simulacrum               Ice/Necr       2%         N/A       100%        6


Dungeon Overview and Level Annotations

Branches:
Dungeon (4/15)
 Temple: D:4-7

Shops:
D:3 ?(**


Innate Abilities, Weirdness & Mutations

You have temporarily grown beastly horns and talons.
You have an increased reservoir of magic. (+10% MP)
You shall have no god before yourself.
Your divine heritage dramatically boosts your attributes as you level up.


Message History

As you read the scroll of blinking, it crumbles to dust.
The orc throws a boomerang.
You are confused.
You are too confused!
Unknown command.
Unknown command.
You are too confused!
The orc throws a boomerang.
The boomerang closely misses you.
You bump into the rock wall.
You bump into the rock wall.
You bump into the rock wall.
You hear some strange, mumbled words.
A puff of flame appears from out of thin air!
The puff of flame misses you.
You hit something.
You hear some strange, mumbled words.
You are more confused.
You barely miss something. Something hits you.
* * * LOW HITPOINT WARNING * * *
You bump into the rock wall.
Something hits you.
* * * LOW HITPOINT WARNING * * *
The orc throws a boomerang.
The boomerang closely misses you.
An orc wizard appears from thin air!
Reactivating autopickup.
You completely miss the orc wizard.
The orc wizard is almost dead.
You feel less confused. The orc wizard misses you.
You closely miss the orc wizard.
The orc wizard is almost dead.
The orc wizard hits you with a +0 dagger.
* * * LOW HITPOINT WARNING * * *
The orc hits you with a +0 hand axe.
* * * LOW HITPOINT WARNING * * *
Casting: Wereblood (safe; 10% risk of failure)
Confirm with . or Enter, or press ? or * to list all spells.
You grow a pair of large bovine horns.
Your feet morph into talons.
Your +0 pair of boots melds into your body.
The orc wizard misses you. The orc hits you with a +0 hand axe.
You die...

##.###.#.#.#.####.#.#......
#.## ##...........#.######.
##.###.#.#.#..#####..######
##.#.............#.##.....
##..####.##.###.#.##._.ยง.
##.# #.##.# #.#.##..... #.#
#.##.# #.#.####### #.#
#.##.# #.#.# #.#
#@##.###.#.####### #.#
#oo#.............. #.#
##.#####.#.####### #.# #.#
#.#.# #.#####.#####.#.#
#.............#.#
#######.#######.# #.# #..
#.# #..


You could see an orc wizard and an orc.

Vanquished Creatures
  Sigmund (D:2)
  3 orc priests (D:4)
  Ijyb (D:3)
  2 orc wizards (D:3)
  10 adders
  A dart slug (D:2)
  9 orcs
  3 ball pythons
  6 bats
  12 endoplasms
  3 giant cockroaches
  7 goblins
  8 hobgoblins
  7 quokkas
  5 frilled lizards
  9 kobolds
  4 rats
91 creatures vanquished.

Vanquished Creatures (others)
  A plant (D:3)
1 creature vanquished.

Grand Total: 92 creatures vanquished

Notes
Turn   | Place    | Note
-------+----------+-------------------------------------------
     0 | D:1      | manyhoops the Demigod Transmuter began the quest for the
                  | Orb.
     0 | D:1      | Reached XP level 1. HP: 15/15 MP: 5/5
    37 | D:1      | Reached skill level 1 in Fighting
    39 | D:1      | Reached skill level 3 in Unarmed Combat
   259 | D:1      | Reached XP level 2. HP: 23/23 MP: 7/7
  1127 | D:1      | You fall into a shaft and drop 1 floor!
  1151 | D:2      | Noticed Sigmund
  1175 | D:1      | Reached XP level 3. HP: 7/28 MP: 6/8
  2210 | D:2      | Reached skill level 4 in Unarmed Combat
  2266 | D:2      | Killed Sigmund
  2267 | D:2      | Reached skill level 5 in Unarmed Combat
  2267 | D:2      | Reached XP level 4. HP: 37/37 MP: 9/9
  2267 | D:2      | Reached XP level 5. HP: 42/42 MP: 10/10
  2800 | D:3      | Learned a level 2 spell: Wereblood
  2805 | D:3      | Learned a level 4 spell: Ice Form
  2827 | D:3      | Found Muapt's General Store.
  2833 | D:3      | Found Afawass's Assorted Antiques.
  2854 | D:3      | Bought a scroll of identify for 58 gold pieces
  2854 | D:3      | Bought a scroll labelled GEP BEOREILINN for 29 gold pieces
  2854 | D:3      | Bought a scroll labelled UFIT YHAEMUR for 29 gold pieces
  3082 | D:3      | Found Kevebesch's Antique Weapon Shoppe.
  3172 | D:3      | Found Caomics's Magic Scroll Emporium.
  3407 | D:3      | Noticed Ijyb
  3441 | D:3      | Reached skill level 1 in Ice Magic
  3441 | D:3      | Reached XP level 6. HP: 50/50 MP: 12/12
  3463 | D:3      | Killed Ijyb
  4605 | D:4      | HP: 1/50 [orc/+0 hand axe (4)]
  4606 | D:4      | Slain by an orc

Illustrated notes

Levels and vault maps discovered:
D:1:      minmay_arrival_floating_metal, layout_basic
D:2:      layout_loops_ring, uniq_sigmund
D:3:      layout_basic, marbit_many_paths, nicolae_hepliaklqana_hazy_memory,
          serial_shops, shop, nicolae_shop_window_shopping,
          nicolae_diamond_shop, shop, ebering_ecumenical_altar_hall, uniq_ijyb
D:4:      layout_loops_ring, trog_book

Skill      XL: |  1  2  3  4  5 |
---------------+----------------+-----
Fighting       | 1 2 |  2.5
Unarmed Combat | 3 5 |  5.4
Spellcasting   | 2 |  2.7
Transmutations | 2 |  2.8
Ice Magic      | 1 |  1.8
Dodging        | |  1.7

Action                   |  1- 3 |  4- 6 || total
-------------------------+-------+-------++-------
Melee: Unarmed           |   104 |   134 ||   238
       Kick              |    15 |    27 ||    42
       Headbutt          |     7 |    18 ||    25
       Punch             |     2 |     1 ||     3
 Cast: Beastly Appendage |    19 |    25 ||    44
       Wereblood         |       |     3 ||     3
  Use: Scroll            |     1 |    11 ||    12
       Potion            |     1 |     6 ||     7
 Stab: Sleeping          |     2 |     3 ||     5
Armor: Robe              |    13 |    12 ||    25
       Skin              |     1 |     4 ||     5
Dodge: Dodged            |    60 |    49 ||   109
Block: Other             |       |    14 ||    14
       Reflection        |       |     1 ||     1
